 Dungeon Crawl Stone Soup version 0.31.0-32-g396128a36d (webtiles) character file.

Game seed: 8624050415480905670

582814 ratatoskos the Meteorologist (level 27, -21/149 HPs)
             Began as a Tengu Air Elementalist on Mar 29, 2024.
             Was the Champion of Vehumet.
             Demolished by a green draconian monk (26 damage)
             ... led by a green draconian monk
             ... on level 2 of the Realm of Zot on Mar 30, 2024.
             The game lasted 04:28:57 (89789 turns).

ratatoskos the Meteorologist (TeAE)                Turns: 89789, Time: 04:28:57

Health: -21/149    AC: 21    Str: 16    XL:     27
Magic:  13/49      EV: 20    Int: 28    God:    Vehumet [******]
Gold:   8139       SH:  7    Dex: 21    Spells: 6/68 levels left

rFire   + + .        L - staff "Beastslayer" {rF+ rC+ SInv Hexes Fire}
rCold   + + +        Q - +1 buckler "Ufail" {Regen+ Dex+3}
rNeg    + + .        i - +1 pearl dragon scales
rPois   +            d - +2 hat "Yxothrap" {^Drain rElec Will+ Str+3}
rElec   +            u - scarf {repulsion}
rCorr   +            A - +1 pair of gloves {Str+3}
SInv    +            (boots unavailable)
Will    +++..        F - amulet of magic regeneration
Stlth   +            l - ring "Naf Bent" {rF+ rC+ rCorr Dex+3 Slay+2}
HPRegen 1.24/turn    T - ring of Pemoah {rPois rC+ rN+}
MPRegen 0.71/turn

%: repel missiles, acrobat
@: flying, studying Unarmed Combat
A: beak, talons 3, evasive flight, acrobatic
}: 3/15 runes: serpentine, barnacled, silver
a: Renounce Religion


You were on level 2 of the Realm of Zot.
You worshipped Vehumet.
Vehumet was exalted by your worship.
You visited 11 branches of the dungeon, and saw 48 of its levels.
You also visited: Gauntlet.

You collected 10589 gold pieces.
You spent 2450 gold pieces at shops.

Inventory:

Missiles
 H - 7 throwing nets
Armour
 d - the +2 hat "Yxothrap" (worn) {^Drain rElec Will+ Str+3}
   (You acquired it on level 3 of the Dungeon)

   Str+3:     It affects your strength (+3).
   rElec:     It insulates you from electricity.
   Will+:     It increases your willpower.
   ^Drain:    It drains your maximum health when unequipped.
 i - +1 pearl dragon scales (worn)
 u - a scarf of repulsion (worn)
 A - a +1 pair of gloves of strength (worn)
 Q - the +1 buckler "Ufail" (worn) {Regen+ Dex+3}
   (You took it off a cherub on level 4 of the Shoals)

   Dex+3:     It affects your dexterity (+3).
   Regen+:    It increases your rate of health regeneration.
Magical Staves
 L - the staff "Beastslayer" (weapon) {rF+ rC+ SInv Hexes Fire}
   (You found it on level 3 of the Depths)

   [staff of fire]

   Base accuracy: +5 Base damage: 5 Base attack delay: 1.2 This weapon's minimum
   attack delay (0.6) is reached at skill level 12.
   rF+:       It protects you from fire.
   rC+:       It protects you from cold.
   SInv:      It lets you see invisible.
   Hexes:     It increases the power of your Hexes spells.
   Fire:      It increases the power of your Fire spells.
   It falls into the 'Staves' category.
   It is a one-handed weapon.
Jewellery
 l - the ring "Naf Bent" (left hand) {rF+ rC+ rCorr Dex+3 Slay+2}
   (You took it off a fire giant on level 5 of the Vaults)

   [ring of protection from cold]

   Dex+3:     It affects your dexterity (+3).
   Slay+2:    It affects your accuracy & damage with ranged weapons and melee
   (+2).
   rF+:       It protects you from fire.
   rC+:       It protects you from cold.
   rCorr:     It protects you from acid and corrosion.
 x - the ring "Maoghe Cuen" {Fire rPois}
   (You found it on level 1 of the Vaults)

   [ring of fire]

   Fire:      It enhances your fire magic.
   rF+:       It protects you from fire.
   rC-:       It makes you vulnerable to cold.
   rPois:     It protects you from poison
 F - an amulet of magic regeneration (around neck)
 T - the ring of Pemoah (right hand) {rPois rC+ rN+}
   (You bought it in a shop on level 14 of the Dungeon)

   [ring of poison resistance]

   rC+:       It protects you from cold.
   rPois:     It protects you from poison rN+: It protects you from negative
   energy.
Wands
 q - a wand of mindburst (30)
 w - a wand of iceblast (53)
 z - a wand of digging (22)
 C - a wand of charming (39)
 G - a wand of acid (3)
Scrolls
 a - 2 scrolls of revelation
 g - a scroll of torment
 j - 2 scrolls of fear
 m - 9 scrolls of fog
 n - 16 scrolls of identify
 o - 8 scrolls of poison
 r - 9 scrolls of enchant armour
 v - 12 scrolls of amnesia
 y - a scroll of blinking
 B - 18 scrolls of teleportation
 J - 3 scrolls of silence
 N - 12 scrolls of vulnerability
Potions
 b - 3 potions of magic
 c - 3 potions of resistance
 e - 8 potions of curing
 f - 9 potions of enlightenment
 h - 7 potions of haste
 k - 7 potions of lignification
 p - 8 potions of cancellation
 s - 2 potions of heal wounds
 I - 5 potions of mutation
 M - 11 potions of brilliance
 S - 4 potions of invisibility
Miscellaneous
 D - a condenser vane
 K - a box of beasts
 U - a phantom mirror


   Skills:
 - Level 9.1 Fighting
 - Level 14.0 Armour
 - Level 12.0 Dodging
 - Level 2.0 Stealth
 - Level 6.0 Shields
 + Level 21.2 Spellcasting
 O Level 27 Conjurations
 * Level 23.6 Fire Magic
 - Level 5.0 Ice Magic
 O Level 27 Air Magic
 - Level 10.0 Evocations


You had 6 spell levels left.
You knew the following spells:

 Your Spells              Type           Power      Damage    Failure   Level
a - Shock                 Conj/Air       100%       1d9       0%          1
b - Airstrike             Air            55%        2d(8-24)  0%          4
c - Plasma Beam           Fire/Air       65%        2x1d82    0%          6
d - Arcjolt               Conj/Air       55%        1d65      0%          5
e - Freezing Cloud        Conj/Ice/Air   48%        6-21      1%          5
f - Maxwell's Capacitive  Air            55%        ∞         1%          8
g - Chain Lightning       Conj/Air       55%        3d73      2%          9
h - Orb of Destruction    Conj           55%        9d14      1%          7
i - Ignition              Fire           63%        3d17      1%          8
j - Fire Storm            Conj/Fire      65%        8d17      4%          9

Your spell library contained the following spells:

 Spells                   Type           Power      Damage    Failure   Level
 Polar Vortex             Ice            27%        12d3*     100%        9
 Foxfire                  Conj/Fire      100%       2x1d9     0%          1
 Kiss of Death            Conj/Necr      100%       2d13      0%          1
 Magic Dart               Conj           100%       1d8       0%          1
 Sting                    Conj/Alch      100%       1d9       0%          1
 Searing Ray              Conj           100%       2d8       0%          2
 Static Discharge         Conj/Air       100%       3-8/arc   0%          2
 Hailstorm                Conj/Ice       87%        3d14      0%          3
 Swiftness                Air            100%       N/A       0%          3
 Flame Wave               Conj/Fire      100%       2d21      0%          4
 Iskenderun's Battlesphe  Conj           100%       2d15      0%          5
 Conjure Ball Lightning   Conj/Air       55%        3x3d20    0%          6
 Starburst                Conj/Fire      65%        6d17      0%          6
 Sandblast                Erth           58%        2d13      1%          1
 Cigotuvi's Dreadful Rot  Necr/Alch/Air  100%       N/A       1%          2
 Mercury Vapours          Alch/Air       100%       N/A       1%          2
 Momentum Strike          Conj/Tloc      100%       3d10      1%          2
 Dazzling Flash           Conj/Hex       100%       N/A       1%          3
 Inner Flame              Hex/Fire       100%       N/A       1%          3
 Ozocubu's Armour         Ice            55%        N/A       1%          3
 Stone Arrow              Conj/Erth      100%       3d13      1%          3
 Volatile Blastmotes      Fire/Tloc      100%       2d18      1%          3
 Brom's Barrelling Bould  Conj/Erth      81%        2d9       1%          4
 Fulminant Prism          Conj/Alch      40%        3d19      1%          4
 Ignite Poison            Fire/Alch      97%        N/A       1%          4
 Sticky Flame             Fire/Alch      97%        2d14      1%          4
 Summon Blazeheart Golem  Fire/Summ      97%        N/A       1%          4
 Summon Lightning Spire   Summ/Air       81%        N/A       1%          4
 Vhi's Electric Charge    Tloc/Air       100%       N/A       1%          4
 Irradiate                Conj/Alch      40%        3d25      1%          5
 Silence                  Hex/Air        51%        N/A       1%          5
 Bombard                  Conj/Erth      40%        9d7       1%          6
 Ensorcelled Hibernation  Hex/Ice        100%       N/A       2%          2
 Apportation              Tloc           58%        N/A       4%          1
 Necrotise                Necr           100%       1d9       4%          1
 Slow                     Hex            100%       N/A       4%          1
 Summon Ice Beast         Ice/Summ       43%        N/A       5%          3
 Blink                    Tloc           58%        N/A       8%          2
 Jinxbite                 Hex            88%        N/A       8%          2
 Lesser Beckoning         Tloc           58%        N/A       8%          2
 Olgreb's Toxic Radiance  Alch           29%        N/A       13%         4
 Confusing Touch          Hex            44%        N/A       14%         3
 Sigil of Binding         Hex            44%        N/A       14%         3
 Tukima's Dance           Hex            44%        N/A       14%         3
 Fugue of the Fallen      Necr           29%        N/A       16%         3
 Gell's Gravitas          Tloc           29%        N/A       16%         3
 Passwall                 Erth           29%        N/A       16%         3
 Teleport Other           Tloc           29%        N/A       16%         3
 Vampiric Draining        Necr           29%        2d8       16%         3
 Lee's Rapid Deconstruct  Erth           14%        3d9*      32%         5
 Yara's Violent Unravell  Hex/Alch       22%        3d10      32%         5
 Cause Fear               Hex            22%        N/A       43%         4
 Anguish                  Hex/Necr       22%        N/A       45%         4
 Animate Armour           Summ/Erth      58%        N/A       45%         4
 Dimensional Bullseye     Hex/Tloc       22%        N/A       45%         4
 Dispel Undead            Necr           29%        3d13      45%         4
 Leda's Liquefaction      Alch/Erth      14%        N/A       45%         4
 Manifold Assault         Tloc           29%        N/A       45%         4
 Martyr's Knell           Necr/Summ      29%        N/A       45%         4
 Passage of Golubria      Tloc           29%        N/A       45%         4
 Alistair's Intoxication  Alch           19%        N/A       80%         5
 Borgnjor's Vile Clutch   Necr/Erth      14%        N/A       80%         5
 Curse of Agony           Necr           29%        N/A       80%         5
 Summon Mana Viper        Hex/Summ       44%        N/A       80%         5
 Eringya's Noxious Bog    Alch           14%        4d6       86%         6
 Sculpt Simulacrum        Ice/Alch       21%        N/A       95%         6
 Death Channel            Necr           14%        N/A       100%        6
 Dispersal                Tloc           14%        N/A       100%        6
 Spellforged Servitor     Conj/Summ      40%        N/A       4%          7
 Lehudib's Crystal Spear  Conj/Erth      40%        10d10     32%         8
 Enfeeble                 Hex            22%        N/A       100%        7
 Malign Gateway           Summ/Tloc      14%        N/A       100%        7
 Monstrous Menagerie      Summ           14%        N/A       100%        7
 Disjunction              Tloc           14%        N/A       100%        8


Dungeon Overview and Level Annotations

Branches:
Dungeon (15/15)            Temple (1/1) D:4            Lair (5/5) D:8
 Shoals (4/4) Lair:2        Snake (4/4) Lair:3        Slime (0/5) Lair:5
    Orc (2/2) D:12            Elf (3/3) Orc:2        Vaults (5/5) D:14
  Crypt (3/3) Vaults:2       Tomb (0/3) Crypt:3      Depths (4/4) D:15
    Zot (1/5) Depths:4    Gauntlet (visited)

Altars:
Ashenzari
Cheibriados
Dithmenos
Elyvilon
Fedhas
Gozag
Hepliaklqana
Kikubaaqudgha
Makhleb
Nemelex Xobeh
Okawaru
Qazlal
Ru
Sif Muna
Trog
Uskayaw
Vehumet
Wu Jian
Xom
Yredelemnul
Zin
The Shining One
Jiyva
Lugonu

Shops:
D:3 *   D:4 (   D:14 =   Orc:2 !*[*   Elf:3 *?*   Shoals:1 *   Snake:2 ::
Snake:4 ?:![   Vaults:4 *

Portals:
Hell: Depths:1 Depths:2 Depths:3 Depths:4
Abyss: Depths:1 Depths:3
Pandemonium: Depths:2 Depths:4
Ziggurat: Depths:4


Innate Abilities, Weirdness & Mutations

You have a beak for a mouth.
You have claws for feet.
Your magical flight helps you evade attacks. (EV +4)
You can magically evade attacks while moving or waiting.


Message History

You feel much better.
The green draconian monk rages.
Unknown command.
Read: scroll of summoning
Press: ? - help, Q - select action, (/) - cycle Dir - look around, f - activate Look: a green draconian, wielding a +0 halberd (severely wounded, berserk)
As you read the scroll of summoning, it crumbles to dust.
Wisps of shadow whirl around you...
The green draconian hits you but does no damage.
You block the green draconian's attack.
Your moth of wrath goads your shadow dragon on!
Your shadow dragon goes berserk!
The green draconian hits your shadow dragon with a +0 halberd!!
The green draconian closely misses your shadow dragon.
Your shadow dragon bites the green draconian!
Your shadow dragon claws the green draconian!
Your shadow dragon claws the green draconian.
Things that are here:
a +0 cloak; a green draconian corpse
Casting: Plasma Beam (safe; 0% risk of failure)
Press: ? - help, Q - select action, (/) - cycle Dir - look around, f - activate You feel a surge of power!
The bolt of lightning misses the green draconian monk.
The bolt of lightning hits the green draconian!!!
You kill the green draconian!
Vehumet accepts your kill.
You feel your power returning.
The fiery plasma misses the green draconian monk.
The green draconian monk hits you!!
* * * LOW HITPOINT WARNING * * *
You block the green draconian monk's attack.
The green draconian monk tail-slaps you.
* * * LOW HITPOINT WARNING * * *
The green draconian monk tail-slaps you but does no damage.
Your shadow dragon bites the green draconian monk!!
Your shadow dragon claws the green draconian monk.
Your shadow dragon barely misses the green draconian monk.
A tentacled monstrosity comes into view.
The green draconian monk hits you!!
You die...

........)..##..#
#....X.....#...# ##
.............# ..#
......)..)...###..#
.............#...#
#######.........#
#.########.......###
...........z°..###
..........$q@..#
#######...D....#
##...y....#
####.........#
#.......######
#########


You could see a tentacled monstrosity, a green draconian monk (berserk, ally
target), a friendly shadow dragon (summoned, berserk), a friendly curse toe
(summoned) and a friendly moth of wrath (summoned).

Vanquished Creatures
  3 juggernauts
  The ghost of Roocroe the Impregnable, a veteran MiGl of Hepliaklqana (Crypt:1)
  Xtahua (Crypt:3)
  Vv (Crypt:1)
  Saint Roka (Snake:2)
  4 caustic shrikes
  2 golden dragons
  Nikola (Depths:1)
  An electric golem (Zot:2)
  10 tentacled monstrosities
  4 titans
  A walking divine tome (Depths:3)
  Asterion (Depths:1)
  2 deep elf blademasters (Elf:3)
  4 liches
  2 death cobs
  8 quicksilver dragons
  4 sphinxes
  2 deep elf master archers (Elf:3)
  9 ancient champions
  Agnes (Snake:1)
  2 krakens
  Kirke (D:15)
  6 storm dragons
  14 tengu reavers
  4 nagarajas
  10 shadow dragons
  6 revenants
  Aizul (Snake:1)
  Donald (Shoals:3)
  A draconian knight (Depths:4)
  A draconian monk (Zot:2)
  9 frost giants
  9 fire giants
  3 deep elf elementalists (Elf:3)
  9 deep elf sorcerers
  2 draconian scorchers (Zot:1)
  15 vault wardens
  A spectral juggernaut (Crypt:3)
  2 ghost moths (Zot:1)
  A draconian shifter (Zot:1)
  5 spectral caustic shrikes
  An iron dragon (Depths:3)
  8 ghouls
  3 curse skulls
  8 orc warlords
  An angel (Shoals:4)
  6 ironbound thunderhulks
  32 very ugly things
  A draconian annihilator (Zot:1)
  5 draconian stormcallers
  2 spriggan defenders
  A cacodemon (Depths:4)
  A formless jellyfish (Vaults:1)
  A reaper (Crypt:2)
  3 green draconians
  20 ironbound preservers
  21 stone giants
  11 deep elf demonologists
  13 vampire knights
  12 deep elf death magi
  3 deep elf annihilators
  A lorocyproca (Depths:2)
  A purple draconian (Depths:4)
  3 white draconians
  8 dire elephants
  2 red draconians
  4 war gargoyles
  3 yellow draconians
  A minotaur (Gauntlet)
  3 spark wasps (Depths:3)
  A black draconian (Zot:1)
  A spectral titan (Crypt:3)
  12 jiangshi
  10 fire dragons
  8 eidola
  14 ettins
  10 merfolk javelineers
  2 entropy weavers (Vaults:3)
  20 merfolk impalers
  A quicksilver dragon zombie (D:15)
  A spectral quicksilver dragon (Crypt:3)
  2 crystal guardians
  2 spriggan zombies (Crypt:1)
  22 yaktaur captains
  Fannar (Orc:1)
  Erolcha (Orc:2)
  A spectral fenstrider witch (Crypt:3)
  5 deep elf high priests
  A spectral spriggan (Crypt:3)
  2 rakshasas
  6 great orbs of eyes
  A hell beast (Gauntlet)
  8 hydras
  3 spriggan air magi
  3 peacekeepers
  2 merfolk avatars (Shoals:2)
  5 salamander tyrants
  5 boulder beetles
  7 ogre magi
  37 vault guards
  4 ice dragons
  2 merfolk aquamancers (Shoals:4)
  Erica (Lair:2)
  A spectral stone giant (Crypt:3)
  2 catoblepae
  A spriggan skeleton (Crypt:2)
  26 two-headed ogres
  An Orb Guardian skeleton (Crypt:3)
  2 sphinx zombies (D:15)
  2 alligator snapping turtles
  14 centaur warriors
  14 ironbound frosthearts
  2 satyrs
  A torpor snail (shapeshifter) (Elf:1)
  2 death knights
  26 dancing weapons
  5 death yaks (Lair:4)
  12 vampire magi
  19 anacondas
  17 naga warriors
  11 deep troll shamans
  A hell hog (Lair:5)
  An orc high priest (Orc:1)
  2 spectral dire elephants (Crypt:3)
  2 occultists
  2 deep troll earth magi
  19 naga sharpshooters
  A spectral emperor scorpion (Crypt:3)
  6 tengu warriors
  A soul eater (Crypt:2)
  The ghost of Marvel the Ruffian, a novice TrMo of Okawaru (D:7)
  10 spriggan berserkers
  4 shock serpents
  Nergalle (Orc:1)
  A hell knight (Vaults:5)
  A shock serpent (shapeshifter) (Vaults:5)
  22 deep elf knights
  10 iron trolls
  4 skysharks
  3 salamander mystics
  A skyshark (shapeshifter) (D:14)
  9 shadow wraiths (Crypt:3)
  A titan skeleton (Crypt:2)
  A bunyip zombie (Crypt:2)
  20 skeletal warriors
  11 sea snakes
  2 ghost moth zombies
  2 glowing orange brains
  8 arcanists
  5 cherubim (Shoals:4)
  A spriggan simulacrum (Crypt:3)
  A mana viper (shapeshifter) (Depths:1)
  11 deep elf archers
  50 deep trolls
  8 flayed ghosts
  8 naga ritualists
  8 mana vipers
  19 phantasmal warriors
  Pikel (D:9)
  21 ironbound convokers
  9 necromancers
  40 deep elf pyromancers
  36 deep elf zephyrmancers
  A harpy (shapeshifter) (Elf:3)
  16 orc knights
  18 harpies
  12 lindwurms
  A spectral ice dragon (Crypt:3)
  10 cyclopes
  An oklob plant (Shoals:2)
  2 spectral ettins (Crypt:3)
  A salamander (shapeshifter) (Elf:3)
  A death drake (shapeshifter) (Vaults:5)
  A faun (shapeshifter) (Vaults:5)
  57 ugly things
  A stone giant zombie (Crypt:1)
  14 manticores
  Maurice (Orc:1)
  A jorogumo skeleton (Crypt:2)
  9 orc sorcerers
  A spectral alligator snapping turtle (Crypt:3)
  6 fauns
  A worldbinder (Gauntlet)
  5 moths of wrath
  A manticore (shapeshifter) (Depths:3)
  5 merfolk sirens
  10 salamanders
  42 black mambas
  A centaur zombie (Crypt:1)
  3 meliai (D:15)
  A titan simulacrum (Crypt:3)
  9 elephants
  A rust devil (Depths:4)
  7 water nymphs
  16 vault sentinels
  3 kobold blastminers (Orc:2)
  4 gargoyles
  15 naga magi
  Maggie (D:9)
  5 torpor snails (Lair:5)
  5 guardian serpents
  A smoke demon (Depths:4)
  A water nymph (shapeshifter) (Vaults:1)
  A hellion (Depths:4)
  A kobold demonologist (D:9)
  4 rime drakes
  An unseen horror (shapeshifter) (D:13)
  18 cane toads
  21 yaktaurs
  An efreet (D:15)
  18 freezing wraiths
  7 komodo dragons
  A spectral naga (Crypt:3)
  A death yak zombie (Crypt:1)
  An ice devil (Gauntlet)
  5 tengu conjurers
  A yaktaur skeleton (Vaults:4)
  3 spectral harpies (Crypt:3)
  A great orb of eyes zombie (Crypt:2)
  A human skeleton (Vaults:4)
  12 polar bears
  14 trolls
  A hydra zombie (Crypt:2)
  4 tyrant leeches (Lair:5)
  A harpy zombie (Crypt:2)
  A tengu simulacrum (Vaults:3)
  11 wind drakes
  A polar bear (shapeshifter) (Elf:2)
  2 glass eyes (shapeshifter)
  A hornet (shapeshifter) (Elf:2)
  24 merfolk
  16 hornets
  8 snapping turtles
  A stone giant simulacrum (Vaults:3)
  11 blink frogs
  A guardian serpent zombie (Crypt:3)
  A human simulacrum (Vaults:2)
  7 dream sheep
  The ghost of Quickbrownfox the Sneak, an amateur OpSh (D:4)
  A death drake skeleton (Crypt:3)
  2 raiju (Lair:5)
  5 air elementals
  A jumping spider (shapeshifter) (Vaults:5)
  7 shadows
  A jumping spider (Vaults:3)
  29 slime creatures
  A spriggan (shapeshifter) (Vaults:5)
  2 spriggans
  2 satyr skeletons
  16 water elementals
  A vampire (D:11)
  7 basilisks
  9 wraiths
  An elf zombie (Vaults:3)
  3 fire elementals
  5 wyverns
  A dire elephant simulacrum (Crypt:3)
  3 hogs (D:15)
  70 yaks
  Grum (D:8)
  9 redbacks
  A redback (shapeshifter) (Vaults:3)
  2 steam dragons
  8 vampire mosquitoes
  12 wargs
  Menkaure (D:4)
  2 harpy simulacra (Crypt:3)
  2 chaos spawn (Elf:2)
  42 nagas
  A demonspawn zombie (Crypt:3)
  A fire bat zombie (Crypt:1)
  5 acid dragons
  14 water moccasins
  16 hell hounds
  A swamp worm (shapeshifter) (Depths:3)
  30 orc warriors
  14 black bears
  2 sky beasts
  9 ice beasts
  16 laughing skulls
  3 human zombies
  An ettin simulacrum (Vaults:4)
  A black mamba simulacrum (Crypt:3)
  A boggart (shapeshifter) (D:14)
  24 wolves
  3 boggarts
  23 ogres
  A phantom (D:7)
  7 centaurs
  A hog skeleton (Crypt:1)
  4 lemures (D:9)
  A kobold brigand (D:9)
  A rime drake zombie (Crypt:3)
  A fire crab zombie (Crypt:2)
  A weeping skull (D:6)
  A vine stalker zombie (Crypt:2)
  13 bullfrogs
  4 earth elementals
  4 gnoll sergeants
  2 scorpions
  A necrophage (Crypt:1)
  A salamander skeleton (Crypt:1)
  A cyclops skeleton (Crypt:2)
  An entropy weaver simulacrum (Vaults:2)
  A wyvern skeleton (D:4)
  10 wights (D:8)
  16 killer bees
  7 electric eels
  9 howler monkeys
  A vampire bat (D:5)
  A wolf zombie (Crypt:1)
  A crimson imp (D:13)
  4 quasits (D:7)
  2 centaur skeletons
  A hound (D:5)
  2 gnoll boudas (D:6)
  6 jellies
  18 orc priests
  3 bullfrog skeletons
  A sleepcap (D:6)
  Jessica (D:2)
  2 iguanas
  23 orc wizards
  A naga zombie (Crypt:3)
  21 gnolls
  A river rat (D:4)
  14 adders
  A shadow imp (D:4)
  3 white imps
  4 ufetubi
  2 dart slugs
  3 fire bats (D:5)
  A ribbon worm (D:2)
  88 orcs
  2 spectral bats (D:5)
  9 ball pythons
  3 bat skeletons (D:5)
  A bat zombie (D:5)
  11 endoplasms
  A giant cockroach (D:1)
  13 goblins
  9 hobgoblins
  7 jackals
  3 quokkas
  A ball python zombie (Crypt:2)
  14 bats
  A bat simulacrum (D:5)
  A frilled lizard (D:2)
  11 kobolds
  A quokka skeleton (Crypt:1)
  11 rats
  A spectral orc (D:6)
  2 tentacles
2371 creatures vanquished.

Vanquished Creatures (collateral kills)
  A caustic shrike (Depths:4)
1 creature vanquished.

Vanquished Creatures (others)
  14 tentacles
14 creatures vanquished.

Grand Total: 2386 creatures vanquished

Notes
Turn   | Place    | Note
-------+----------+-------------------------------------------
     0 | D:1      | ratatoskos the Tengu Air Elementalist began the quest for
                  | the Orb.
     0 | D:1      | Reached XP level 1. HP: 10/10 MP: 4/4
   400 | D:1      | Reached XP level 2. HP: 15/15 MP: 4/6
   919 | D:1      | Found a faded altar of an unknown god.
  1260 | D:1      | Reached XP level 3. HP: 18/19 MP: 7/7
  1567 | D:2      | Reached skill level 5 in Air Magic
  1876 | D:2      | Reached XP level 4. HP: 21/24 MP: 5/8
  2421 | D:2      | Noticed Jessica
  2423 | D:2      | Killed Jessica
  2424 | D:2      | Reached XP level 5. HP: 28/28 MP: 6/9
  2482 | D:2      | Learned a level 4 spell: Airstrike
  2486 | D:2      | Learned a level 3 spell: Inner Flame
  3195 | D:3      | Found Guom's General Store.
  3209 | D:3      | Bought a scroll of immolation for 44 gold pieces
  3209 | D:3      | Bought a potion of enlightenment for 55 gold pieces
  3404 | D:3      | Identified a scroll of acquirement
  3404 | D:3      | Acquired the +2 hat "Yxothrap" {^Drain rElec Will+ Str+3}
  4259 | D:4      | Reached XP level 6. HP: 32/32 MP: 10/10
  4511 | D:4      | Found a transporter.
  4513 | D:4      | Noticed Quickbrownfox's ghost (amateur OpSh)
  4515 | D:4      | Found a staircase to the Ecumenical Temple.
  4526 | D:4      | Noticed Menkaure
  4538 | D:4      | Killed Menkaure
  4735 | Temple   | Entered the Ecumenical Temple
  4887 | D:4      | Gained mutation: Your magical flight helps you evade
                  | attacks. (EV +4) [Tengu growth]
  4887 | D:4      | Reached XP level 7. HP: 23/36 MP: 11/11
  5054 | D:4      | Noticed Edmund
  5055 | D:4      | Edmund changed into Edmund the river rat
  5055 | D:4      | Noticed Edmund
  5061 | D:4      | Killed Edmund the river rat
  5223 | D:4      | Found a transporter.
  5399 | D:4      | Found Rathrogio's Antique Weapon Emporium.
  5766 | D:4      | Acquired 864 gold pieces
  5771 | D:5      | Entered Level 5 of the Dungeon
  6223 | D:5      | Reached skill level 5 in Conjurations
  7329 | D:5      | Reached XP level 8. HP: 31/41 MP: 9/14
  7737 | D:5      | Learned a level 5 spell: Arcjolt
  8177 | D:6      | Found a hide-covered altar of Uskayaw.
  8201 | D:6      | Reached skill level 5 in Dodging
  8983 | D:6      | Found a basalt altar of Yredelemnul.
  9357 | D:7      | Found a radiant altar of Vehumet.
  9384 | D:7      | Became a worshipper of Vehumet
  9510 | D:7      | Noticed a wyvern
  9511 | D:7      | Killed a wyvern
  9703 | D:7      | Reached XP level 9. HP: 40/45 MP: 7/16
  9808 | D:7      | Noticed a two-headed ogre
  9829 | D:7      | Killed a two-headed ogre
  9830 | D:7      | Reached skill level 5 in Spellcasting
  9830 | D:7      | Reached skill level 10 in Air Magic
  9906 | D:7      | Learned a level 6 spell: Plasma Beam
  9950 | D:7      | Reached skill level 1 in Fire Magic
 10375 | D:7      | Found a transporter.
 10549 | D:7      | Found a transporter.
 10559 | D:7      | Noticed Marvel's ghost (novice TrMo)
 10986 | D:8      | Reached XP level 10. HP: 50/50 MP: 10/18
 11775 | D:8      | Noticed a two-headed ogre
 11802 | D:8      | Killed a two-headed ogre
 11803 | D:8      | Reached skill level 1 in Armour
 12197 | D:8      | Reached * piety under Vehumet
 12197 | D:8      | Offered knowledge of Freeze by Vehumet.
 12911 | D:8      | Reached skill level 10 in Conjurations
 12911 | D:8      | Reached skill level 5 in Fire Magic
 13115 | D:8      | Reached XP level 11. HP: 54/54 MP: 11/19
 13434 | D:8      | Found a staircase to the Lair.
 13450 | D:8      | Noticed Grum
 13457 | D:8      | Killed Grum
 14163 | D:9      | Found a blossoming altar of Fedhas.
 14180 | D:9      | Found a sparkling altar of Nemelex Xobeh.
 14190 | D:9      | Offered knowledge of Mercury Vapours by Vehumet.
 14211 | D:9      | Noticed Maggie
 14215 | D:9      | Killed Maggie
 14215 | D:9      | Reached ** piety under Vehumet
 14328 | D:9      | Reached skill level 5 in Armour
 15065 | D:9      | Noticed Pikel
 15281 | D:9      | Killed Pikel
 15458 | D:10     | Entered Level 10 of the Dungeon
 15509 | D:10     | Noticed a two-headed ogre
 15524 | D:10     | Killed a two-headed ogre
 15773 | D:10     | Found an iron altar of Okawaru.
 16200 | D:10     | Identified the +0 ring mail "Loeddoarr" {Stlth+}
 17137 | D:3      | Bought +1 pearl dragon scales for 1153 gold pieces
 17450 | Lair:1   | Entered Level 1 of the Lair of Beasts
 17458 | Lair:1   | Reached XP level 12. HP: 59/59 MP: 13/20
 17458 | Lair:1   | Offered knowledge of Scorch by Vehumet.
 17575 | Lair:1   | Reached *** piety under Vehumet
 17876 | Lair:1   | Offered knowledge of Ignite Poison by Vehumet.
 17877 | Lair:1   | Reached skill level 10 in Fire Magic
 18193 | Lair:1   | You are sucked into a shaft and drop 1 floor!
 18294 | Lair:2   | Reached **** piety under Vehumet
 18349 | Lair:2   | Noticed Erica
 18355 | Lair:2   | Killed Erica
 18460 | Lair:2   | Found a gate leading to a gauntlet.
 18471 | Gauntlet | Entered a Gauntlet
 18471 | Gauntlet | Found a transporter.
 18537 | Gauntlet | Found a transporter.
 18556 | Gauntlet | Found a transporter.
 18559 | Gauntlet | Noticed a quicksilver ooze
 18562 | Gauntlet | Found a transporter.
 18587 | Gauntlet | Found a transporter.
 18602 | Gauntlet | Found a transporter.
 18636 | Gauntlet | Found a transporter.
 18645 | Gauntlet | Found a transporter.
 18647 | Gauntlet | Found a transporter.
 18672 | Gauntlet | Found a transporter.
 18679 | Gauntlet | Found a transporter.
 18683 | Gauntlet | Found a transporter.
 18706 | Gauntlet | Found a transporter.
 18709 | Gauntlet | Noticed a hell beast
 18718 | Gauntlet | Found a transporter.
 18737 | Gauntlet | Found a transporter.
 18758 | Gauntlet | Found a transporter.
 18760 | Gauntlet | Found a transporter.
 18797 | Gauntlet | Found a transporter.
 19198 | Gauntlet | Reached XP level 13. HP: 63/63 MP: 10/21
 19201 | Gauntlet | Offered knowledge of Fulminant Prism by Vehumet.
 19527 | Gauntlet | Reached skill level 1 in Evocations
 19582 | Gauntlet | Identified the +0 pair of boots "Fematrof" {^Contam rPois
                  | Slay+2}
 19728 | Gauntlet | Noticed a minotaur
 19737 | Gauntlet | Killed a minotaur
 19738 | Gauntlet | Reached skill level 15 in Air Magic
 19973 | Gauntlet | Identified the staff of Zedimeapo {rF+ Int+2 Fire}
 20215 | Lair:2   | Found a staircase to the Shoals.
 20852 | Lair:3   | Found a staircase to the Snake Pit.
 22497 | Lair:4   | Reached ***** piety under Vehumet
 22666 | Lair:4   | Offered knowledge of Eringya's Noxious Bog by Vehumet.
 22667 | Lair:4   | Reached XP level 14. HP: 49/68 MP: 12/22
 22673 | Lair:4   | Identified the +5 scimitar of Anxiety {antimagic, *Rage
                  | rCorr Int+7 Dex+2}
 23532 | Lair:5   | Entered Level 5 of the Lair of Beasts
 23532 | Lair:5   | Found a staircase to the Slime Pits.
 23533 | Lair:5   | Found a viscous altar of Jiyva.
 23543 | Lair:5   | Reached skill level 10 in Armour
 25277 | Lair:5   | HP: 2/68 [six-headed hydra (2)]
 25519 | Lair:5   | Reached skill level 15 in Fire Magic
 26071 | Lair:5   | Offered knowledge of Brom's Barrelling Boulder by Vehumet.
 26565 | Lair:5   | Reached XP level 15. HP: 72/72 MP: 19/23
 27077 | D:4      | Killed Quickbrownfox's ghost
 27403 | D:7      | Killed Marvel's ghost
 28340 | D:11     | Paralysed by a hornet for 3 turns
 28346 | D:11     | Reached skill level 5 in Evocations
 28347 | D:11     | Paralysed by a hornet for 3 turns
 29010 | D:11     | Learned a level 5 spell: Freezing Cloud
 29610 | D:12     | Identified the +1 robe "Ywkaisch" {rPois Str+2}
 29869 | D:12     | Found a staircase to the Orcish Mines.
 30429 | D:12     | Identified the +4 spear of Righteous Anger {freeze, rPois
                  | rF- rN+ rCorr}
 30567 | D:13     | Reached skill level 1 in Ice Magic
 30929 | D:13     | Offered knowledge of Conjure Ball Lightning by Vehumet.
 31589 | D:14     | Found a gate to the Vaults.
 32276 | D:14     | Found Foym's Jewellery Emporium.
 32284 | D:14     | Bought the ring of Pemoah {rPois rC+ rN+} for 687 gold
                  | pieces
 32765 | D:14     | Found a shadowy altar of Dithmenos.
 33087 | D:14     | Found the +2 pair of slick slippers {slick, slippery, EV+4}
 33094 | D:14     | Got the Elucidation of the Fair Folk
 33360 | D:15     | Entered Level 15 of the Dungeon
 33382 | D:15     | Reached XP level 16. HP: 71/76 MP: 21/24
 34347 | D:15     | Found a staircase to the Depths.
 34352 | D:15     | HP: 2/76 [two-headed ogre/+0 giant spiked club (13)]
 34760 | D:14     | Offered knowledge of Orb of Destruction by Vehumet.
 34761 | D:14     | Reached skill level 5 in Ice Magic
 35075 | D:15     | Noticed Kirke
 35078 | D:15     | Killed Kirke
 35815 | Orc:1    | Entered Level 1 of the Orcish Mines
 35858 | Orc:2    | Entered Level 2 of the Orcish Mines
 35858 | Orc:2    | Found a staircase to the Elven Halls.
 35900 | Orc:2    | Noticed Erolcha
 35901 | Orc:2    | Killed Erolcha
 37817 | Orc:2    | Found a shimmering altar of Xom.
 37915 | Orc:2    | Found Ohiomoch's Antique Armour Boutique.
 37920 | Orc:2    | Found Tihoseth's General Store.
 37921 | Orc:2    | Found Pedefor's General Store.
 38050 | Orc:2    | Found Wausess's Distillery.
 38053 | Orc:2    | Bought a potion of might for 60 gold pieces
 38389 | Orc:1    | Reached ****** piety under Vehumet
 38589 | Orc:1    | Noticed Fannar
 38598 | Orc:1    | Killed Fannar
 38704 | Orc:1    | Found a transporter.
 38830 | Orc:1    | Noticed Maurice
 38832 | Orc:1    | Killed Maurice
 38964 | Orc:1    | Noticed Nergalle
 38969 | Orc:1    | Offered knowledge of Ozocubu's Refrigeration by Vehumet.
 38970 | Orc:1    | Killed Nergalle
 38984 | Orc:1    | Reached XP level 17. HP: 81/81 MP: 5/26
 39517 | Orc:1    | Found a transporter.
 39730 | Orc:1    | Reached skill level 1 in Fighting
 40211 | Snake:1  | Entered Level 1 of the Snake Pit
 40894 | Snake:1  | Reached skill level 10 in Evocations
 40930 | Snake:1  | Noticed Agnes
 40934 | Snake:1  | Killed Agnes
 42229 | Snake:2  | Identified the serpent talisman "Pyrowing" {Str+3}
 42229 | Snake:2  | Noticed Aizul
 42321 | Snake:1  | Killed Aizul
 42704 | Snake:2  | Identified the +11 sling of Roovvip {heavy, rF- rC+ Str+3}
 43116 | Snake:1  | Learned a level 8 spell: Maxwell's Capacitive Coupling
 43629 | Snake:2  | Found a stormy altar of Qazlal.
 43775 | Snake:2  | Acquired 277 gold pieces
 43891 | Snake:2  | Offered knowledge of Fireball by Vehumet.
 44182 | Snake:2  | Found Atesiroa's Book Shop.
 44340 | Snake:2  | Found Igry's Self-Published Books.
 44909 | Snake:3  | Reached skill level 5 in Fighting
 45046 | Snake:2  | Noticed Saint Roka
 45047 | Snake:2  | Reached XP level 18. HP: 70/96 MP: 22/29
 45248 | Snake:2  | Killed Saint Roka
 46692 | Snake:3  | Offered knowledge of Lehudib's Crystal Spear by Vehumet.
 47157 | Snake:4  | Entered Level 4 of the Snake Pit
 47468 | Snake:4  | Reached skill level 10 in Dodging
 48420 | Snake:4  | Found Had Bum's Distillery.
 48434 | Snake:4  | Found Uthriy's Armour Emporium.
 48434 | Snake:4  | Found Salagi's Magic Scroll Shoppe.
 48678 | Snake:4  | Found Xago's Book Shoppe.
 48692 | Snake:4  | Bought a scroll of identify for 34 gold pieces
 48692 | Snake:4  | Bought a scroll of identify for 34 gold pieces
 48692 | Snake:4  | Bought a scroll of identify for 34 gold pieces
 48698 | Snake:4  | Bought a potion of heal wounds for 70 gold pieces
 49669 | Snake:4  | Got a serpentine rune of Zot
 49844 | Snake:4  | Noticed a quicksilver dragon
 49851 | Snake:4  | Killed a quicksilver dragon
 50423 | Shoals:1 | Entered Level 1 of the Shoals
 50558 | Shoals:1 | Reached XP level 19. HP: 106/106 MP: 12/32
 50824 | Shoals:1 | Offered knowledge of Fire Storm by Vehumet.
 50824 | Shoals:1 | Offered knowledge of Chain Lightning by Vehumet.
 50824 | Shoals:1 | Offered knowledge of Polar Vortex by Vehumet.
 50879 | Shoals:1 | Identified the +10 plate armour of Virtue {Dex+2 Stlth+}
 51138 | Shoals:1 | Found Pihiugg's Island Escapes.
 51146 | Shoals:1 | Bought a scroll of blinking for 135 gold pieces
 51626 | Shoals:2 | Identified the +8 dagger of Propriety {elec, Dex+3}
 51884 | Shoals:2 | Found a shadowy altar of Dithmenos.
 52115 | Shoals:2 | Found the +2 shield of Resistance {rF++ rC++ Will++}
 52481 | Shoals:3 | Noticed Donald
 52485 | Shoals:3 | Killed Donald
 53622 | Shoals:4 | Entered Level 4 of the Shoals
 53634 | Shoals:4 | Reached skill level 10 in Spellcasting
 54079 | Shoals:3 | Learned a level 9 spell: Chain Lightning
 55125 | Shoals:4 | Found a glowing silver altar of Zin.
 55332 | Shoals:4 | Identified the ring "Lueheack" {*Corrode rPois rF+ Dex+3
                  | SInv}
 55779 | Shoals:4 | Reached skill level 15 in Conjurations
 56298 | Shoals:4 | Identified the +1 buckler "Ufail" {Regen+ Dex+3}
 56576 | Shoals:4 | Found a glowing golden altar of the Shining One.
 56589 | Shoals:4 | Reached skill level 1 in Shields
 56741 | Shoals:4 | Got a barnacled rune of Zot
 56813 | Shoals:4 | Found a white marble altar of Elyvilon.
 57623 | Vaults:1 | Entered Level 1 of the Vaults
 57808 | Vaults:1 | Reached XP level 20. HP: 115/115 MP: 31/35
 58766 | Vaults:1 | Identified the ring "Maoghe Cuen" {Fire rPois}
 59050 | Vaults:1 | Reached skill level 5 in Shields
 60965 | Vaults:2 | Identified the +1 great mace of the Apocalypse {elec, rElec
                  | Str+3}
 61539 | Vaults:2 | Found a staircase to the Crypt.
 61539 | Vaults:2 | Found an ancient bone altar of Kikubaaqudgha.
 61541 | Vaults:2 | Found a basalt altar of Yredelemnul.
 62586 | Vaults:3 | Reached XP level 21. HP: 66/120 MP: 22/36
 63486 | Vaults:3 | Found the +27 heavy crossbow "Sniper" {heavy, Acc+∞ SInv}
 63521 | Vaults:3 | Identified the +4 trident "Timmeph" {venom, +Blink rElec
                  | rF+}
 64551 | Vaults:3 | Identified the +6 dagger "Lueseoco" {elec, rN+ Will+}
 65471 | Vaults:4 | Reached XP level 22. HP: 82/125 MP: 32/37
 65952 | Vaults:4 | Reached skill level 27 in Air Magic
 66223 | Vaults:4 | Found Keuges's General Store.
 66596 | Depths:1 | Entered Level 1 of the Depths
 66596 | Depths:1 | Noticed Nikola
 66596 | Depths:1 | Noticed Asterion
 66596 | Depths:1 | Found a one-way gate to the infinite horrors of the Abyss.
 66601 | Depths:1 | Killed Asterion
 66614 | Depths:1 | Killed Nikola
 66726 | Depths:1 | Found a gateway to Hell.
 67607 | Depths:1 | Found a glowing golden altar of the Shining One.
 67607 | Depths:1 | Found a glowing silver altar of Zin.
 67607 | Depths:1 | Found a white marble altar of Elyvilon.
 67689 | Depths:1 | Found a bloodstained altar of Trog.
 68178 | Depths:2 | Noticed a caustic shrike
 68199 | Depths:2 | Identified the ring of Niuveto {Fly rC+ rN+ rCorr Str+4
                  | Dex+3}
 68209 | Depths:2 | Noticed a juggernaut
 68218 | Depths:2 | Killed a juggernaut
 68694 | Depths:2 | Reached XP level 23. HP: 129/129 MP: 23/38
 69600 | Depths:2 | Identified the +0 rapier of Watchfulness {freeze, MP+9}
 70161 | Depths:2 | Found a one-way gate leading to the halls of Pandemonium.
 70267 | Depths:3 | Reached skill level 27 in Conjurations
 70373 | Depths:3 | Found a corrupted altar of Lugonu.
 70986 | Depths:3 | Killed a caustic shrike
 71556 | Depths:3 | Found a shimmering altar of Xom.
 71750 | Depths:3 | Identified the ring "Amaam" {rN+ Will+ Int+6 Dex-3}
 71765 | Depths:3 | Identified the staff "Beastslayer" {rF+ rC+ SInv Hexes
                  | Fire}
 71891 | Depths:3 | Found an ornate altar of the Wu Jian Council.
 72127 | Depths:3 | Learned a level 7 spell: Orb of Destruction
 72197 | Depths:4 | Entered Level 4 of the Depths
 72260 | Depths:4 | Found a shimmering blue altar of Sif Muna.
 72273 | Depths:4 | Noticed a juggernaut
 72277 | Depths:4 | Killed a juggernaut
 72339 | Depths:4 | Noticed a caustic shrike
 72340 | Depths:4 | Noticed a caustic shrike
 72343 | Depths:4 | Killed a caustic shrike
 72343 | Depths:4 | Noticed a caustic shrike
 72343 | Depths:4 | Noticed a caustic shrike
 72344 | Depths:4 | Killed a caustic shrike
 72348 | Depths:4 | Killed a caustic shrike
 72353 | Depths:4 | Killed a caustic shrike
 72475 | Depths:4 | Found a one-way gateway to a ziggurat.
 72965 | Depths:4 | Reached XP level 24. HP: 135/135 MP: 39/42
 73020 | Depths:4 | Noticed a juggernaut
 73027 | Depths:4 | Killed a juggernaut
 73397 | Depths:4 | Reached skill level 15 in Spellcasting
 73799 | Depths:4 | Found a gate to the Realm of Zot.
 74434 | Elf:1    | Entered Level 1 of the Elven Halls
 75530 | Elf:1    | Found the +6 shillelagh "Devastator" {shatter}
 76908 | Elf:2    | Paralysed by an air elemental for 1 turns
 77280 | Elf:2    | Found a huge runed translucent gate.
 77280 | Elf:2    | Found a huge runed translucent gate.
 77280 | Elf:2    | Found a huge runed translucent gate.
 77281 | Elf:2    | Found a huge runed translucent gate.
 77284 | Elf:2    | Found a huge runed translucent gate.
 78237 | Elf:2    | Learned a level 8 spell: Ignition
 78627 | Elf:3    | Entered Level 3 of the Elven Halls
 79192 | Elf:3    | Found Tuqafouh's Magic Scroll Emporium.
 79200 | Elf:3    | Bought a scroll of fear for 72 gold pieces
 79200 | Elf:3    | Bought a scroll of fog for 72 gold pieces
 79210 | Elf:3    | Reached XP level 25. HP: 136/140 MP: 45/45
 79292 | Elf:3    | Found Nemiwk's Assorted Antiques.
 79348 | Elf:3    | Found Vubadoz's General Store.
 79554 | Elf:3    | Identified the +3 quarterstaff "Embalmer" {heavy, *Slow
                  | rN+++ Int+2}
 80099 | Elf:3    | Identified the +2 ring mail of Pottac {+Inv rPois rC+}
 80100 | Elf:3    | Identified the +1 ring mail of Suimov {Dex+2 Slay+3}
 80418 | Crypt:1  | Entered Level 1 of the Crypt
 80813 | Crypt:1  | Identified the amulet of Coyttaus {rPois Regen+ Str+5 Int-2
                  | Slay+3}
 80814 | Crypt:1  | Identified the amulet "Erinnoa" {Spirit Rampage rF+ rN+}
 80834 | Crypt:1  | Noticed Roocroe's ghost (veteran MiGl)
 80835 | Crypt:1  | Found a transporter.
 80837 | Crypt:1  | Found a transporter.
 80872 | Crypt:1  | Noticed Vv
 80930 | Crypt:1  | Killed Vv
 81374 | Crypt:1  | Learned a level 9 spell: Fire Storm
 81737 | Crypt:1  | Killed Roocroe's ghost
 83391 | Crypt:1  | Found an ancient bone altar of Kikubaaqudgha.
 83619 | Crypt:3  | Entered Level 3 of the Crypt
 84159 | Crypt:3  | Noticed Xtahua
 84165 | Crypt:3  | Killed Xtahua
 84361 | Crypt:3  | Reached XP level 26. HP: 93/144 MP: 6/47
 85079 | Crypt:3  | Found a staircase to the Tomb.
 85187 | Crypt:3  | Identified the +3 spear of Peace {venom, rN++ Str-5}
 85415 | Crypt:3  | Identified the staff "Yjasiem" {rPois rCorr Dex+6 Alchemy}
 85759 | Crypt:3  | Identified the +1 helmet "Woereg" {Harm rN++}
 85938 | Crypt:3  | Identified the staff of Conflict {Int+3 Conj}
 85955 | Crypt:3  | Identified the ring "Kiesonn" {rCorr AC+4 SInv}
 86211 | Vaults:5 | Entered Level 5 of the Vaults
 86466 | Vaults:5 | Identified the ring "Tef Hio" {rPois rC- rCorr Int+6 Dex+3}
 86635 | Vaults:5 | Reached XP level 27. HP: 138/149 MP: 17/48
 86761 | Vaults:5 | Identified the +5 falchion of Doubt {flame, rC+}
 87161 | Vaults:5 | Identified the ring "Dogel" {Ice Int+7 Dex-2}
 87253 | Vaults:5 | Got a silver rune of Zot
 87787 | Vaults:5 | Identified the +9 war axe of Cheibriados's Scorn {drain,
                  | rC++ Str+3 Dex+3 Stlth-}
 87787 | Vaults:5 | Identified the ring "Naf Bent" {rF+ rC+ rCorr Dex+3 Slay+2}
 87842 | Vaults:5 | Got the Disquisition on Trauma
 87850 | Vaults:5 | Got the Volume of Transposition
 88699 | Vaults:5 | Identified the +4 dagger of the Doomed Warrior {vamp, Dex+3
                  | SInv}
 88749 | Vaults:5 | Identified the +0 scale mail "Tuminof" {-Cast rN+ Will+}
 88787 | Vaults:5 | Identified the staff "Myzoeged" {rElec Int+4 Stlth- Fire
                  | Air Alchemy}
 89156 | Zot:1    | Entered Level 1 of the Realm of Zot
 89650 | Zot:1    | You are sucked into a shaft and drop 1 floor!
 89789 | Zot:2    | HP: 5/149 [green draconian monk[a green draconian monk]
                  | (5)]
 89789 | Zot:2    | Demolished by a green draconian monk

Illustrated notes

Levels and vault maps discovered:
D:1:      psy_arrival_terrarium, layout_basic, ebering_ecumenical_altar_mist
D:2:      cheibrodos_greedy_goblins, layout_loops_cross, uniq_jessica
D:3:      layout_basic, serial_shops, shop
D:4:      layout_gridville, minmay_temple_entry_statues, serial_shops, shop,
          gammafunk_ghost_mausoleum, nicolae_nh_ransacked_shop, uniq_edmund,
          uniq_menkaure
D:5:      layout_layer_cave, goddamned_bats
D:6:      layout_cave_pools, lemuel_round_altar,
          yredelemnul_forgotten_temple_becter, nicolae_grassy_gnolls
D:7:      layout_basic, vehumet_crystals, gammafunk_ghost_stat_death
D:8:      minmay_octagon_keep, layout_basic, hellmonk_lair_entry_icy, uniq_grum
D:9:      layout_roguey, mainiacjoe_overflow_large_starburst, uniq_pikel,
          uniq_maggie
D:10:     layout_grid_maze, okawaru_gym_becter, minmay_misc_feat_room
D:11:     hellmonk_paralyzer, layout_loops_corners
D:12:     layout_small_grid, erik_orc_2
D:13:     layout_irregular_city, lightli_wizard_tower
D:14:     lemuel_traditional_vault, layout_small_grid, david_vaults_2,
          serial_bayou, serial_bayou_shore_b, serial_bayou_lake_a,
          serial_bayou_lagoon_a, serial_bayou_shore_b, serial_shops,
          nicolae_shop_advertising_works [nicolae_subvault_shop_adworks],
          grunt_dithmenos_smoke_and_mirrors
D:15:     gammafunk_depths_entry_grave, layout_basic, uniq_kirke
Temple:   nicolae_temple_elliptical
Lair:1:   layout_hall_layers, grunt_megastairs_3
Lair:2:   layout_loops_ring, elwin_shoals_entry_rooms, gauntlet_entry_generic,
          uniq_erica
Lair:3:   layout_regular_city, dummy_snake_entry, st_stairs_9,
          lemuel_fruit_fields, lemuel_fruit_fields, serial_bayou_shore_a
Lair:4:   minmay_lair_venomous_thicket, layout_misc_corridors,
          grunt_forest_large_clearing_hut
Lair:5:   wormcave, layout_long_grid, hangedman_lair_caniforms_friends,
          nicolae_slime_entry_slimehenge
Shoals:1: layout_shoals, nicolae_island_escapes
Shoals:2: layout_shoals, lemuel_oklob_altar
Shoals:3: layout_shoals, nicolae_shoals_loop_pool, uniq_donald
Shoals:4: shoals_end_hellmonk_holy_island
Snake:1:  layout_basic, grunt_ministairs_15, uniq_agnes
Snake:2:  layout_gridlike, basic_altar, serial_shops, shop,
          nicolae_custom_books, drop_trap, grunt_megastairs_1, uniq_aizul,
          uniq_saint_roka
Snake:3:  minmay_snake_river, layout_layer_cave
Snake:4:  hellmonk_snake_rune_quicksilver_temple, layout_cave_town,
          minmay_shoptagon
Orc:1:    gammafunk_beogh_shrine, layout_diamond_mine, basic_altar,
          uniq_maurice, uniq_fannar, uniq_nergalle
Orc:2:    st_orc_open, layout_diamond_mine, basic_altar, uniq_erolcha
Elf:1:    minmay_roctagon, layout_geoelf_grid, minmay_elf_sorcery
Elf:2:    elven_hall_of_blades_hangedman_alternative
          [nicolae_blade_entry_hurt_lockers], layout_gridlike, serial_aquarium,
          aquarium_bridge_square [aquarium_subvault_wall,
          aquarium_subvault_window, aquarium_subvault_wall,
          aquarium_subvault_bridge], aquarium_bridge_straight
          [aquarium_subvault_bridge, aquarium_subvault_balcony,
          aquarium_subvault_bridge, aquarium_subvault_wall],
          aquarium_window_corner, aquarium_window_1, aquarium_window_1,
          aquarium_window_2, aquarium_view_4, aquarium_view_2d,
          aquarium_balcony_1b, nicolae_elf_free_trip_to_the_abyss
Elf:3:    elf_hall_gauntlet_narrow, layout_loops_ring, serial_shops,
          nicolae_shop_behind_doors, shop, nicolae_shop_stone
Vaults:1: nicolae_vaults_double_plus_3, nicolae_vaults_prndl,
          hangedman_vaults_locks, dpeg_vaults_monster_row,
          serial_library_regret_index_small_wings, v_alt_pattern_2,
          ontoclasm_vaults_idyll, ontoclasm_vaults_pinch,
          nicolae_vaults_tangram_2, v_misc_26, grunt_vaults_twisty,
          nicolae_vaults_house_1, layout_vaults_chaotic_city
Vaults:2: ontoclasm_vaults_idyll, minmay_crypt_entry_necro_gods,
          hangedman_vaults_pinch, nicolae_vaults_ninety_degrees,
          v_alt_pattern_5, nicolae_vaults_ring_of_whatevers,
          nicolae_vaults_storage_closets_1, nicolae_vaults_tetromino_T_1,
          nicolae_vaults_closet_pinwheel_5, nicolae_vaults_mini_display_case,
          layout_vaults_omnicross
Vaults:3: vaults_room_fours, hangedman_vaults_cutoff, v_alt_pattern_1,
          nicolae_vaults_network_square, nicolae_vaults_offset_grid_hallway_3,
          hangedman_vaults_stream, hangedman_vaults_snaps, v_misc_18,
          minmay_guarded_unrand_secular_launcher, nicolae_vaults_diamond_1,
          hangedman_vaults_corner_blocks, nicolae_vaults_asterisk,
          layout_vaults_ring
Vaults:4: hangedman_vaults_stitches, nicolae_vaults_wine_cellar,
          ontoclasm_vaults_gallery, v_misc_2, ontoclasm_vaults_gateway,
          minmay_orc_keep, v_rooms_4, nicolae_vaults_prndl,
          nicolae_vaults_spaceships, serial_ice_h, ontoclasm_vaults_twist,
          ontoclasm_vaults_loading_screen, nicolae_vaults_little_squares_5,
          layout_vaults_maze_bifur, serial_shops, shop
Vaults:5
Crypt:1:  layout_gridlike, nzn_ghost_randoct, grunt_crypt_arrival_webbed,
          roderic_lattice_octagonal_star, lemuel_upstairs_altar, uniq_vv
Crypt:2:  layout_regular_city, grunt_megastairs_4
Crypt:3:  due_elkab, layout_chaotic_city, nicolae_tomb_entry_rubble_hallway,
          uniq_xtahua
Depths:1: layout_gridville, good_gods_mini_temple, abyss_entry_glasseish,
          serial_glass, glass_columns_b, glass_columns_a, feat_on_display,
          item_on_display_b, pf_hell_entry_tar_river,
          evilmike_spriggan_trog_shrine, grunt_megastairs_2, uniq_nikola,
          uniq_asterion
Depths:2: minmay_the_grid_net [minmay_the_grid_mess, minmay_the_grid_doors,
          minmay_the_grid_empty, minmay_the_grid_medium_cups,
          minmay_the_grid_odd_star, minmay_the_grid_prize_trominoes],
          layout_basic, minmay_misc_feat_ornament, hell_entry,
          grunt_pan_entry_spiral, infiniplex_staircase_zigzag_1
Depths:3: minmay_cut_squares, layout_cave_pools, abyss_entry_flame_altar,
          hell_entry, lemuel_statue_altar, nrook_uturn, xom_redecorated
Depths:4: evilmike_zot_entry_argh, layout_gridville, enter_ziggurat_e,
          rand_demon_pan_entry_4, hell_entry, lemuel_crystal_altar
Zot:1:    layout_misc_corridors
Zot:2:    layout_onion_interference, regret_index_zotdec_misc_clamp

Skill      XL: |  1  2  3  4  5  6  7  8  9 10 11 12 13 14 15 16 17 18 19 20 21 22 23 24 25 26 27 |
---------------+----------------------------------------------------------------------------------+-----
Conjurations   | 2 3 4 5 7 8 10 12 13 14 15 18 22 26 27 | 27.0
Air Magic      | 5 6 7 8 9 11 12 13 14 16 17 18 20 21 23 24 25 26 27 | 27.0
Dodging        | 3 4 6 7 8 9 10 12 | 12.0
Spellcasting   | 3 4 5 7 8 10 14 17 19 20 21 | 21.2
Fire Magic     | 3 5 8 11 13 15 16 19 22 23 | 23.6
Armour         | 4 6 8 9 11 12 14 | 14.0
Evocations     | 2 4 7 9 10 | 10.0
Ice Magic      | 3 5 |  5.0
Fighting       | 5 7 9 |  9.1
Shields        | 2 6 |  6.0
Stealth        | |  2.0

Action                     |  1- 3 |  4- 6 |  7- 9 | 10-12 | 13-15 | 16-18 | 19-21 | 22-24 | 25-27 || total
---------------------------+-------+-------+-------+-------+-------+-------+-------+-------+-------++-------
  Melee: Unarmed           |     1 |       |       |       |       |       |       |       |       ||     1
         Dagger            |    20 |     1 |       |       |       |       |       |       |       ||    21
         Kick              |     6 |     2 |     2 |    50 |   138 |    81 |    71 |    66 |    61 ||   477
         Peck              |     2 |       |     4 |    35 |    99 |    57 |    39 |    44 |    47 ||   327
         Rapier            |       |     4 |       |       |       |       |       |       |       ||     4
         Staff             |       |       |     8 |   148 |   422 |   272 |   142 |   150 |   120 ||  1262
         Punch             |       |       |       |     2 |     4 |     5 |     1 |       |       ||    12
   Fire: Sling             |       |    94 |   173 |       |       |       |       |       |       ||   267
   Cast: Shock             |    56 |    36 |    71 |   191 |   100 |   198 |     2 |       |       ||   654
         Airstrike         |       |     3 |    23 |    79 |    69 |     3 |    25 |    92 |     2 ||   296
         Arcjolt           |       |       |     6 |    43 |    98 |    65 |    55 |    60 |    28 ||   355
         Plasma Beam       |       |       |       |       |   105 |   311 |   449 |   476 |   345 ||  1686
         Freezing Cloud    |       |       |       |       |     1 |    21 |    14 |     1 |       ||    37
         Maxwell's Capacit |       |       |       |       |       |     1 |     7 |     1 |     3 ||    12
         Chain Lightning   |       |       |       |       |       |       |       |    27 |    64 ||    91
         Orb of Destructio |       |       |       |       |       |       |       |       |     7 ||     7
         Ignition          |       |       |       |       |       |       |       |       |    24 ||    24
  Evoke: Wand              |       |       |     1 |       |     7 |    18 |    13 |    13 |     1 ||    53
         Box of beasts     |       |       |       |       |     1 |       |       |       |       ||     1
         Phantom mirror    |       |       |       |       |       |       |     1 |       |       ||     1
         Condenser vane    |       |       |       |       |       |       |       |     1 |       ||     1
    Use: Scroll            |       |     4 |     9 |     1 |    15 |     9 |     2 |     9 |    10 ||    59
         Potion            |       |       |       |       |     2 |     1 |     2 |     7 |     1 ||    13
   Stab: Sleeping          |     2 |     1 |     1 |     1 |       |       |       |       |       ||     5
 Armour: Robe              |    15 |    31 |    98 |    35 |       |       |       |       |       ||   179
         Acid dragon scale |       |       |       |    28 |       |       |       |       |       ||    28
         Pearl dragon scal |       |       |       |    32 |   398 |   449 |   250 |   329 |   313 ||  1771
  Dodge: Dodged            |    32 |    61 |   242 |   315 |   781 |   564 |   363 |   284 |   270 ||  2912
         Repelled          |       |       |       |       |       |       |    11 |    15 |     8 ||    34
  Block: Buckler           |       |       |       |       |       |       |    80 |   111 |    91 ||   282
